 Dungeon Crawl Stone Soup version 0.27.0-1-g7a089689b8 (webtiles) character file.

Game seed: 2524467030370567790

112 dolemite99 the Poker (level 4, 0/33 HPs)
             Began as a Merfolk Gladiator on Aug 3, 2021.
             Was a Follower of Elyvilon.
             Killed from afar by an orc wizard (6 damage)
             ... with a magic dart
             ... on level 3 of the Dungeon.
             The game lasted 00:02:19 (2023 turns).

dolemite99 the Poker (Merfolk Gladiator)            Turns: 2023, Time: 00:02:20

Health: 0/33       AC:  5    Str: 15    XL:     4   Next: 93%
Magic:  5/5        EV: 13    Int:  7    God:    Elyvilon [*.....]
Gold:   70         SH:  0    Dex: 15    Spells: 3/3 levels left

rFire    . . .     SeeInvis .   a - +0 trident
rCold    . . .     Faith    .   (no shield)
rNeg     . . .     Spirit   .   l - +0 leather armour
rPois    .         Reflect  .   c - +0 helmet
rElec    .         Harm     .   (no cloak)
rCorr    .         Rampage  .   f - +0 pair of gloves
Will     .....                  (no boots)
Stlth    +.........             (no amulet)
HPRegen  0.11/turn              (no ring)
MPRegen  0.09/turn              (no ring)

@: no status effects
A: (nimble swimmer 2), mertail
a: Renounce Religion, Lesser Healing, Divine Protection


You were on level 3 of the Dungeon.
You worshipped Elyvilon.
Elyvilon was aware of your devotion.
You visited 1 branch of the dungeon, and saw 3 of its levels.

You collected 70 gold pieces.

Inventory:

Hand Weapons
 a - a +0 trident (weapon)
 b - a +0 hunting sling
Missiles
 d - 3 throwing nets (quivered)
 g - 37 bolts
 i - 9 sling bullets
 m - 51 stones
 p - 24 arrows
Armour
 c - a +0 helmet (worn)
 f - a +0 pair of gloves (worn)
 l - a +0 leather armour (worn)
Scrolls
 h - a scroll of holy word {unknown}
 j - a scroll of immolation {unknown}
 o - a scroll of identify {unknown}
Potions
 e - a potion of resistance {unknown}
 n - a potion of brilliance {unknown}


   Skills:
 - Level 2.1 Fighting
 + Level 7.0 Polearms
 - Level 2.0 Throwing
 - Level 4.0 Dodging
 + Level 2.4 Invocations


You had 3 spell levels left.
You didn't know any spells.
Your spell library contained the following spells:

 Spells                   Type           Power      Damage    Failure   Level
 Animate Skeleton         Necr           0%         N/A       50%         1
 Pain                     Necr           0%         1d4       50%         1
 Vampiric Draining        Necr           0%         2d6       86%         3


Dungeon Overview and Level Annotations

Branches:
Dungeon (2/15)

Altars:
Elyvilon

Annotations:
D:1 1 runed translucent door


Innate Abilities, Weirdness & Mutations

((You are quick and stealthy near water. (Stealth+, EV+, Speed+++)))
Your lower body shifts to a powerful aquatic tail in water.


Message History

An orc priest comes into view. It is wielding a +0 mace.
You hear a shout!
The orc priest shouts!
You shoot a sling bullet. The sling bullet hits the orc wizard!
The orc wizard is heavily wounded.
The orc priest mumbles some strange prayers to Beogh against you.
Beogh smites you!
An orc comes into view. It is wielding a +0 hand axe.
You are too injured to fight recklessly!
You are too injured to fight recklessly!
a - a +0 trident (weapon)
You are healed.
You reach to attack!
You barely miss the orc. You hit the orc.
The orc is moderately wounded.
The orc wizard gestures wildly while chanting.
The orc wizard flickers and vanishes!
Deactivating autopickup; reactivate with Ctrl-A.
The orc barely misses you.
You barely miss the orc.
The orc is moderately wounded.
The orc closely misses you.
You puncture the orc!
You kill the orc!
You are healed.
You closely miss something. Something hits you.
You miss something. Something hits you.
You barely miss something. Something completely misses you.
You hit something but do no damage. Something hits you.
You hit something. Something completely misses you.
You closely miss something.
The orc priest mumbles some strange prayers to Beogh against you.
Beogh smites you!
* * * LOW HITPOINT WARNING * * *
Something hits you.
* * * LOW HITPOINT WARNING * * *
It was a potion of magic.
Magic courses through your body.
You hear some strange, mumbled words.
A magic dart appears from out of thin air!
The magic dart hits you.
You die...

#.# #....### #.#
#....# #.###....#
#...'....#
#.###....#
####.###.# #....#
.........########
..##.###.o#########
#.o{@†.....#
#.#####.#..#
#.##..####.#
#.##....#..#
#.###..###.#
oo##.....#.#
..##.#.#.†.#
oo########## .(.#


You could see an orc priest and an orc.

Vanquished Creatures
  Jessica (D:2)
  2 adders
  An adder skeleton (D:2)
  3 dart slugs
  An orc (D:3)
  4 ball pythons
  7 endoplasms
  A giant cockroach (D:1)
  5 goblins
  5 hobgoblins
  6 jackals
  2 kobolds
  3 quokkas (D:1)
  3 bats
  5 frilled lizards (D:1)
  5 rats
54 creatures vanquished.

Vanquished Creatures (others)
  2 plants (D:1)
2 creatures vanquished.

Grand Total: 56 creatures vanquished

Notes
Turn   | Place    | Note
-------+----------+-------------------------------------------
     0 | D:1      | dolemite99 the Merfolk Gladiator began the quest for the
                  | Orb.
     0 | D:1      | Reached XP level 1. HP: 16/16 MP: 1/1
     1 | D:1      | Found a runed translucent door.
   201 | D:1      | Reached skill level 5 in Polearms
   210 | D:1      | Reached XP level 2. HP: 18/22 MP: 2/2
   470 | D:1      | Found a faded altar of an unknown god.
   492 | D:1      | Became a worshipper of Elyvilon the Healer
   492 | D:1      | Reached * piety under Elyvilon
   734 | D:1      | Reached skill level 6 in Polearms
   734 | D:1      | Reached XP level 3. HP: 27/27 MP: 3/3
  1142 | D:2      | Noticed Jessica
  1151 | D:2      | Reached skill level 1 in Invocations
  1179 | D:2      | Killed Jessica
  1180 | D:2      | Reached XP level 4. HP: 28/33 MP: 2/5
  1778 | D:2      | You fall into a shaft and drop 1 floor!
  1954 | D:3      | Reached skill level 7 in Polearms
  2023 | D:3      | Killed from afar by an orc wizard

Illustrated notes

Levels and vault maps discovered:
D:1:      dpeg_arrival_caged_fury, layout_basic, shapermc_ecumenical_altar_petra
D:2:      layout_basic, uniq_jessica
D:3:      minmay_wonky_spiral, layout_basic, mainiacjoe_overflow_brackets

Skill      XL: |  1  2  3  4 |
---------------+-------------+-----
Polearms       | 5 6 7 |  7.0
Invocations    | 1 2 |  2.4
Fighting       | |  2.1
Throwing       | |  2.0
Dodging        | |  4.0

Action                   |  1- 3 |  4- 6 || total
-------------------------+-------+-------++-------
Melee: Trident           |   135 |    22 ||   157
 Fire: Hunting sling     |       |    47 ||    47
Invok: Lesser Healing    |     2 |     2 ||     4
  Use: Potion            |       |     1 ||     1
 Stab: Sleeping          |     2 |       ||     2
Armor: Leather armour    |    28 |     9 ||    37
Dodge: Dodged            |    89 |    24 ||   113
